 Dungeon Crawl Stone Soup version 0.31-a0-182-gc5ef74bbde (webtiles) character file.

Game seed: 11954217366463072336

3002 Moral the Blocker (level 9, -1/74 HPs)
             Began as a Gnoll Fighter on June 22, 2023.
             Was an Elder of Okawaru.
             Slain by a gargoyle
             ... wielding a +0 dire flail
              (5 damage)
             ... in a bailey.
             The game lasted 00:16:17 (6221 turns).

Moral the Blocker (Gnoll Fighter)                   Turns: 6221, Time: 00:16:17

Health: -1/74      AC: 14    Str: 19    XL:     9   Next: 84%
Magic:  14/16      EV: 17    Int: 12    God:    Okawaru [****..]
Gold:   317        SH:  8    Dex: 19    Spells: 14/17 levels left

rFire   + + .        a - +1 war axe (drain)
rCold   + . .        c - +0 buckler
rNeg    . . .        F - +1 ring mail {Will+}
rPois   .            B - +2 helmet {Int+3}
rElec   .            E - scarf of Claustrophobia {rC+ rF+, Contam Regen+ Int+2 Dex+6}
rCorr   .            (no gloves)
SInv    .            D - +0 pair of boots
Will    +....        i - amulet of the acrobat
Stlth   ++++         v - ring of flight
HPRegen 1.12/turn    m - ring of protection from fire
MPRegen 0.15/turn

%: acrobat
@: mighty, heroic, flying
A: fangs 1, strong nose, distributed training
a: Renounce Religion, Heroism, Finesse


You were in a bailey.
You worshipped Okawaru.
Okawaru was greatly pleased with you.
You visited 2 branches of the dungeon, and saw 8 of its levels.
You also visited: Sewer and Bailey.

You collected 317 gold pieces.

Inventory:

Hand Weapons
 a - a +1 war axe of draining (weapon)
Armour
 c - a +0 buckler (worn)
 B - a +2 helmet of intelligence (worn)
 D - a +0 pair of boots (worn)
 E - the scarf of Claustrophobia (worn) {rC+ rF+, Contam Regen+ Int+2 Dex+6}
   (You found it on level 5 of the Dungeon)

   Int:       It affects your intelligence (+2).
   Dex:       It affects your dexterity (+6).
   Contam:    It causes magical contamination when unequipped.
   Regen:     It increases your rate of health regeneration.
 F - a +1 ring mail of willpower (worn)
Jewellery
 h - a ring of wizardry
 i - an amulet of the acrobat (around neck)
 m - a ring of protection from fire (right hand)
 v - a ring of flight (left hand)
 y - a ring of protection from cold
Wands
 n - a wand of roots (14)
Scrolls
 b - a scroll of torment
 f - a scroll of teleportation {unknown}
 g - a scroll of revelation
 k - 4 scrolls of enchant armour
 o - 2 scrolls of poison
 q - 5 scrolls of amnesia
 u - 2 scrolls of vulnerability
 z - a scroll of fear {unknown}
 A - 3 scrolls of fog
 G - a scroll of immolation {unknown}
 H - a scroll of blinking {unknown}
 I - a scroll of noise {unknown}
Potions
 d - a potion of might
 e - a potion of enlightenment {unknown}
 j - a potion of resistance {unknown}
 l - 2 potions of cancellation {unknown}
 p - 2 potions of heal wounds {unknown}
 r - 3 potions of mutation {unknown}
 s - a potion of lignification {unknown}
 t - a potion of brilliance {unknown}
 w - 6 potions of curing {unknown}
 x - 3 potions of attraction {unknown}
 C - a potion of berserk rage {unknown}


   Skills:
 + Level 8.2(13.2) Fighting
 + Level 4.8(9.8) Short Blades
 + Level 4.8(9.8) Long Blades
 + Level 6.7(11.7) Axes
 + Level 4.8(9.8) Maces & Flails
 + Level 4.8(9.8) Polearms
 + Level 4.8(9.8) Staves
 + Level 4.8(9.8) Ranged Weapons
 + Level 4.8(9.8) Throwing
 + Level 8.2(13.2) Armour
 + Level 4.8(9.8) Dodging
 + Level 4.8(9.8) Stealth
 + Level 8.2(13.2) Shields
 + Level 4.8(9.8) Unarmed Combat
 + Level 4.8 Spellcasting
 + Level 4.0 Conjurations
 + Level 4.0 Hexes
 + Level 4.0 Summonings
 + Level 4.0 Necromancy
 + Level 4.0 Translocations
 + Level 4.0 Transmutations
 + Level 4.0 Fire Magic
 + Level 4.0 Ice Magic
 + Level 4.0 Air Magic
 + Level 4.0 Earth Magic
 + Level 4.0 Poison Magic
 + Level 5.3 Invocations
 + Level 4.8 Evocations


You had 14 spell levels left.
You knew the following spells:

 Your Spells              Type           Power      Damage    Failure   Level
a - Swiftness             Air            12%        N/A       21%         3

Your spell library contained the following spells:

 Spells                   Type           Power      Damage    Failure   Level
 Shock                    Conj/Air       48%        1d6       7%          1
 Ozocubu's Armour         Ice            12%        N/A       21%         3
 Airstrike                Air            6%         2d(1-17)  54%         4
 Metabolic Englaciation   Hex/Ice        6%         N/A       88%         5
 Orb of Destruction       Conj           6%         9d6       100%        7
 Summon Guardian Golem    Hex/Summ       Unusable   N/A       N/A         3
 Simulacrum               Ice/Necr       Unusable   N/A       N/A         6
 Spellforged Servitor     Conj/Summ      Unusable   N/A       N/A         7

Dungeon Overview and Level Annotations

Branches:
Dungeon (7/15)             Temple (1/1) D:4           Sewer (visited)
 Bailey (1/1)

Altars:
Ashenzari
Cheibriados
Dithmenos
Elyvilon
Fedhas
Gozag
Makhleb
Nemelex Xobeh
Okawaru
Qazlal
Ru
Uskayaw
Vehumet
Wu Jian
Xom
Yredelemnul
The Shining One

Shops:
D:6 [?


Innate Abilities, Weirdness & Mutations

You have very sharp teeth.
Your uncanny sense of smell can sniff out nearby items.
Your experience applies equally to all skills.


Message History

The stone arrow misses you.
You completely miss the gargoyle. You block the gargoyle's attack.
You slash the gargoyle!
The gargoyle is moderately damaged.
The gargoyle hits you with a +0 dire flail!!
You completely miss the gargoyle.
The gargoyle is moderately damaged.
The gargoyle hurls a stone arrow at you.
The stone arrow hits you!!
You feel very mighty all of a sudden. You block the gargoyle's attack.
You barely miss the gargoyle.
You bite the gargoyle, but do no damage.
The gargoyle is moderately damaged.
The gargoyle hits you but does no damage.
You hit the gargoyle. You bite the gargoyle.
The gargoyle is heavily damaged.
The gargoyle hits you with a +0 dire flail!!
* * * LOW HITPOINT WARNING * * *
The gargoyle completely misses you.
You hit the gargoyle.
You bite the gargoyle, but do no damage.
The gargoyle is severely damaged.
The gargoyle hits you with a +0 dire flail!
* * * LOW HITPOINT WARNING * * *
You closely miss the gargoyle.
The gargoyle is severely damaged.
The gargoyle hits you but does no damage.
You hit the gargoyle but do no damage.
The gargoyle is severely damaged.
The gargoyle hits you with a +0 dire flail!
* * * LOW HITPOINT WARNING * * *
Okay, then.
Okay, then.
You gain the combat prowess of a mighty hero.
You block the gargoyle's attack.
You hit the gargoyle.
The gargoyle is severely damaged.
The gargoyle hits you with a +0 dire flail.
You die...

....#..#####..8#
)...#'##.......#..+
.........♣♣....#..+
##.............#..#
........♣...♣..#..##
...............#...##
##......♣.....##....###
#............##.)9....#
+..........)##..@##
#.♣....♣.♣..)#....##
#....♣.....))##....#
#.............##...#
......######......#
.... #......# ...
#.....8# #++##### ∆


You could see a gargoyle.

Vanquished Creatures
  Joseph (D:7)
  Maggie (D:7)
  A steam dragon (D:6)
  A water moccasin (D:5)
  2 ice beasts
  An orc warrior (D:6)
  2 sky beasts (D:6)
  A black bear (D:7)
  2 centaurs
  An ogre (D:4)
  6 scorpions
  3 wights (D:7)
  6 hounds
  3 jellies
  A gnoll bouda (D:6)
  2 orc priests
  A sleepcap (D:5)
  3 iguanas
  3 orc wizards
  5 gnolls (D:6)
  8 adders
  2 river rats (D:6)
  2 white imps (D:6)
  An ufetubus (D:6)
  5 worms
  A dart slug (D:2)
  24 orcs
  10 ball pythons
  8 endoplasms
  7 giant cockroaches
  11 goblins
  9 hobgoblins
  5 quokkas
  5 bats
  8 frilled lizards
  3 kobolds
  8 orc zombies (Bailey)
  10 rats
173 creatures vanquished.

Notes
Turn   | Place    | Note
-------+----------+-------------------------------------------
     0 | D:1      | Moral the Gnoll Fighter began the quest for the Orb.
     0 | D:1      | Reached XP level 1. HP: 23/23 MP: 1/1
   138 | D:1      | Reached XP level 2. HP: 29/29 MP: 2/2
   860 | D:2      | Reached XP level 3. HP: 35/35 MP: 3/3
   910 | D:2      | Reached skill level 1 in Invocations
  1197 | D:2      | Found an ornate altar of the Wu Jian Council.
  1725 | D:3      | Reached skill level 1 in Short Blades
  1725 | D:3      | Reached skill level 1 in Long Blades
  1725 | D:3      | Reached skill level 1 in Maces & Flails
  1725 | D:3      | Reached skill level 1 in Polearms
  1725 | D:3      | Reached skill level 1 in Staves
  1725 | D:3      | Reached skill level 1 in Ranged Weapons
  1725 | D:3      | Reached skill level 1 in Throwing
  1725 | D:3      | Reached skill level 1 in Dodging
  1725 | D:3      | Reached skill level 1 in Stealth
  1725 | D:3      | Reached skill level 1 in Unarmed Combat
  1725 | D:3      | Reached skill level 1 in Spellcasting
  1725 | D:3      | Reached skill level 1 in Evocations
  1759 | D:3      | Found a faded altar of an unknown god.
  1871 | D:3      | Reached XP level 4. HP: 41/41 MP: 5/5
  1907 | D:3      | Reached skill level 1 in Conjurations
  1907 | D:3      | Reached skill level 1 in Hexes
  1907 | D:3      | Reached skill level 1 in Summonings
  1907 | D:3      | Reached skill level 1 in Necromancy
  1907 | D:3      | Reached skill level 1 in Translocations
  1907 | D:3      | Reached skill level 1 in Transmutations
  1907 | D:3      | Reached skill level 1 in Fire Magic
  1907 | D:3      | Reached skill level 1 in Ice Magic
  1907 | D:3      | Reached skill level 1 in Air Magic
  1907 | D:3      | Reached skill level 1 in Earth Magic
  1907 | D:3      | Reached skill level 1 in Poison Magic
  2090 | D:3      | Found a blossoming altar of Fedhas.
  2188 | D:3      | Reached XP level 5. HP: 42/47 MP: 7/7
  2406 | D:4      | Noticed an ogre
  2414 | D:4      | Killed an ogre
  2768 | D:4      | Found a staircase to the Ecumenical Temple.
  2865 | Temple   | Entered the Ecumenical Temple
  2911 | Temple   | Became a worshipper of Warmaster Okawaru
  3003 | D:4      | Reached XP level 6. HP: 45/53 MP: 8/8
  3102 | D:4      | Found a hide-covered altar of Uskayaw.
  3144 | D:4      | Found a broken altar of Ashenzari.
  3160 | D:4      | Reached skill level 5 in Axes
  3259 | D:4      | Found a stormy altar of Qazlal.
  3423 | D:4      | Noticed an ice beast
  3430 | D:4      | Killed an ice beast
  3430 | D:4      | Reached * piety under Okawaru
  3431 | D:4      | Reached XP level 7. HP: 60/60 MP: 10/10
  3435 | D:4      | Found a snail-covered altar of Cheibriados.
  3558 | D:4      | Found a white marble altar of Elyvilon.
  3920 | D:5      | Entered Level 5 of the Dungeon
  4445 | D:5      | Identified the scarf of Claustrophobia {rC+ rF+, Contam
                  | Regen+ Int+2 Dex+6}
  4624 | D:5      | Reached XP level 8. HP: 67/67 MP: 12/12
  4639 | D:5      | Reached ** piety under Okawaru
  5173 | D:6      | Reached *** piety under Okawaru
  5195 | D:6      | Found The Oracle's Delphic Readings.
  5277 | D:6      | Found a glowing drain.
  5283 | D:6      | Reached XP level 9. HP: 73/73 MP: 13/15
  5291 | Sewer    | Entered a sewer
  5698 | D:6      | Found Caudanoe's Antique Armour Boutique.
  5991 | D:7      | Found a radiant altar of Vehumet.
  5991 | D:7      | Noticed Joseph
  5999 | D:7      | Killed Joseph
  5999 | D:7      | Reached **** piety under Okawaru
  6018 | D:7      | Noticed Maggie
  6030 | D:7      | Killed Maggie
  6031 | D:7      | Reached skill level 5 in Invocations
  6094 | D:7      | Found a flagged portal.
  6105 | Bailey   | Entered a bailey
  6195 | Bailey   | Learned a level 3 spell: Swiftness
  6206 | Bailey   | Noticed a gargoyle
  6219 | Bailey   | HP: 2/74 [gargoyle/+0 dire flail (15)]
  6221 | Bailey   | Slain by a gargoyle

Illustrated notes

Levels and vault maps discovered:
D:1:      dpeg_arrival_prison, layout_basic
D:2:      layout_basic, basic_altar, minmay_misc_feat_more_columns,
          hangedman_abyss_or_decor_lesser_grid
D:3:      layout_loops_ring, fedhas_altar_1,
          chequers_ecumenical_altar_simple_redux, st_stairs_2,
          minmay_quadrilaterals
D:4:      layout_loops_ring, kennysheep_little_box, marbit_many_paths,
          mainiacjoe_overflow_alcove_2, mainiacjoe_overflow_large_starburst,
          lemuel_temple_firewalk_b
D:5:      layout_basic
D:6:      layout_rooms, cheibrodos_sewer_entry_sluice, serial_shops,
          nicolae_stop_n_shop_2, hangedman_abyss_or_decor_slice,
          kennysheep_diamond, nicolae_nh_oracle_at_delphi
D:7:      layout_rooms, nicolae_vehumet_altar_sigil, enter_bailey_3,
          uniq_maggie, uniq_joseph
Temple:   nicolae_temple_ecumenical_triangle
Bailey:   bailey_polearm_vampire_castle_hellmonk, bailey

Skill      XL: |  1  2  3  4  5  6  7  8  9 |
---------------+----------------------------+-----
Invocations    | 1 2 3 4 5 |  5.3
Short Blades   | 1 2 3 4 |  4.8
Long Blades    | 1 2 3 4 |  4.8
Maces & Flails | 1 2 3 4 |  4.8
Polearms       | 1 2 3 4 |  4.8
Staves         | 1 2 3 4 |  4.8
Ranged Weapons | 1 2 3 4 |  4.8
Throwing       | 1 2 3 4 |  4.8
Dodging        | 1 2 3 4 |  4.8
Stealth        | 1 2 3 4 |  4.8
Unarmed Combat | 1 2 3 4 |  4.8
Spellcasting   | 1 2 3 4 |  4.8
Evocations     | 1 2 3 4 |  4.8
Conjurations   | 1 2 3 4 |  4.0
Hexes          | 1 2 3 4 |  4.0
Summonings     | 1 2 3 4 |  4.0
Necromancy     | 1 2 3 4 |  4.0
Translocations | 1 2 3 4 |  4.0
Transmutations | 1 2 3 4 |  4.0
Fire Magic     | 1 2 3 4 |  4.0
Ice Magic      | 1 2 3 4 |  4.0
Air Magic      | 1 2 3 4 |  4.0
Earth Magic    | 1 2 3 4 |  4.0
Poison Magic   | 1 2 3 4 |  4.0
Axes           | 5 6 |  6.7
Fighting       | 7 8 |  8.2
Armour         | 7 8 |  8.2
Shields        | 7 8 |  8.2

Action                     |  1- 3 |  4- 6 |  7- 9 || total
---------------------------+-------+-------+-------++-------
  Melee: War axe           |   123 |   128 |   247 ||   498
         Bite              |     4 |    12 |    25 ||    41
 Invoke: Heroism           |       |       |     1 ||     1
    Use: Potion            |       |     1 |     2 ||     3
         Scroll            |       |       |    12 ||    12
   Stab: Sleeping          |       |       |    10 ||    10
 Armour: Scale mail        |    43 |    59 |    43 ||   145
         Ring mail         |       |       |    55 ||    55
  Dodge: Dodged            |    67 |    56 |   156 ||   279
  Block: Buckler           |    32 |    27 |    87 ||   146

Table legend: (Time is in decaauts)
 A = Elapsed time spent in this place.
 B = Non-inter-level travel time spent in this place.
 C = Inter-level travel time spent in this place.
 D = Time resting spent in this place.
 E = Time spent auto-exploring this place.
 F = Levels seen in this place.
 G = Mean time per level.
                   A        B        C        D        E       F      G
               +--------+--------+--------+--------+--------+-----+--------+
         Total |   6349 |   6114 |    235 |    424 |   4262 |  10 |  634.9 |
       Dungeon |   5784 |   5549 |    235 |    324 |   4026 |   7 |  826.3 |
        Temple |     61 |     61 |      0 |      0 |      8 |   1 |   61.0 |
         Sewer |    380 |    380 |      0 |    100 |    193 |   1 |  380.0 |
        Bailey |    123 |    123 |      0 |      0 |     35 |   1 |  123.0 |
               +--------+--------+--------+--------+--------+-----+--------+

Top non-repeatable levels by time:
     D:4: 1476 daAuts
     D:5: 950 daAuts
     D:1: 841 daAuts
     D:3: 814 daAuts
     D:2: 802 daAuts
     D:6: 769 daAuts
   Sewer: 380 daAuts
     D:7: 130 daAuts
  Bailey: 123 daAuts
  Temple: 61 daAuts
